 Dungeon Crawl Stone Soup version 0.16-a0-296-gbdb9f68 (webtiles) character file.

17941 Ololoev the Basher (level 12, -10/93 HPs)
             Began as a Naga Gladiator on Aug 29, 2014.
             Was a High Priest of Okawaru.
             Mangled by an orc warrior
             ... wielding a cursed +0 broad axe
              (13 damage)
             ... on Level 4 of the Orcish Mines.
             The game lasted 01:24:06 (17514 turns).

Ololoev the Basher (Naga Gladiator)                Turns: 17514, Time: 01:24:06

HP -10/93        AC 27     Str 18      XL: 12   Next: 53%
MP   6/12        EV  7     Int 10      God: Okawaru [*****.]
Gold 1163        SH  6     Dex 17      Spells:  0 memorised, 11 levels left

rFire  + . .     SeeInvis +     j - +5 morningstar "Plicoezou" {crush, +Fly}
rCold  . . .     Clarity  .     M - +14 chain mail of Vuav {+Fly Dex+2 SInv}
rNeg   . . .     rCorr    .     n - +0 buckler
rPois  +         rRot     .     (no helmet)
rElec  .         Spirit   .     C - +0 cloak
SustAb .         Warding  .     (no gloves)
rMut   .         Stasis   .     (no barding)
Gourm  .                        w - amulet of faith
MR     +....                    H - ring of protection from fire
                                m - cursed ring of loudness

@: heroism, finesse, hasted, quick, somewhat resistant to hostile enchantments,
extremely unstealthy
A: spit poison, see invisible, deformed body, poison resistance, slowness 2, AC
+4
a: Spit Poison, Heroism, Finesse, Renounce Religion, Evoke Flight


You were on level 4 of the Orcish Mines.
You worshipped Okawaru.
Okawaru was extremely pleased with you.
You were hungry.

You visited 3 branches of the dungeon, and saw 16 of its levels.

You collected 1496 gold pieces.
You spent 333 gold pieces at shops.

Inventory:

Hand weapons
 j - the +5 morningstar "Plicoezou" (weapon) {crush, +Fly}
   (You bought it in a shop on level 4 of the Dungeon)

   It inflicts extra damage upon your enemies.
   It lets you fly.
 Q - the +3 whip of Entrepreneurial Spirit {freeze, rElec rC++ SInv, unknown}
   (You found it on level 10 of the Dungeon)

   It has been specially enchanted to freeze those struck by it, causing extra
   injury to most foes and up to double damage against particularly susceptible
   opponents.
   It can also slow down cold-blooded creatures.
   It greatly protects you from cold.
   It insulates you from electricity.
   It enhances your eyesight.
Missiles
 b - 6 javelins of returning (quivered)
 x - 10 javelins
 S - a javelin of penetration
Armour
 n - a +0 buckler (worn)
 o - the -5 leather armour of Okawaru's Hope {rElec, unknown}
   (Okawaru gifted it to you on level 4 of the Orcish Mines)

   It insulates you from electricity.
 C - a +0 cloak (worn)
 M - the +14 chain mail of Vuav (worn) {+Fly Dex+2 SInv}
   (Okawaru gifted it to you on level 10 of the Dungeon)

   It affects your dexterity (+2).
   It enhances your eyesight.
   It lets you fly.
Comestibles
 a - 4 fruits
 c - a chunk of orc flesh
 f - 8 bread rations
 i - 10 beef jerkies
 r - 7 meat rations
Scrolls
 P - a scroll of silence
Jewellery
 l - an uncursed ring of wizardry
 m - a cursed ring of loudness (left hand)
 t - a cursed +1 ring of evasion {unknown}
 w - an amulet of faith (around neck)
 z - an uncursed amulet of rage {unknown}
 B - an uncursed amulet of stasis {unknown}
 H - a ring of protection from fire (right hand)
 O - an uncursed amulet of guardian spirit {unknown}
Potions
 e - a potion of mutation {unknown}
 g - a potion of cure mutation {unknown}
 h - 2 potions of flight
 q - a potion of might {unknown}
 s - a potion of brilliance {unknown}
 A - a potion of restore abilities
 D - a potion of lignification {unknown}
 E - a potion of cancellation {unknown}
 G - a potion of confusion
 L - a potion of haste
Magical staves
 J - an uncursed staff of energy


   Skills:
 - Level 2.0(7.0) Fighting
 + Level 14.7(19.7) Maces & Flails
 + Level 9.8(14.8) Throwing
 + Level 6.6(11.6) Armour
 - Level 2.4(7.4) Dodging
 - Level 2.7(7.7) Shields


You had 11 spell levels left.
You didn't know any spells.

Dungeon Overview and Level Annotations

Branches:
Dungeon (11/15)            Temple (1/1) D:4             Orc (4/4) D:11
    Elf (0/3) Orc:3          Lair (0/8) D:11

Altars:
Ashenzari
Cheibriados
Dithmenos
Elyvilon
Fedhas
Gozag
Kikubaaqudgha
Makhleb
Nemelex Xobeh
Okawaru
Qazlal
Sif Muna
Trog
Vehumet
Xom
Yredelemnul
Zin
The Shining One
Beogh

Shops:
D:4 (   D:8 *   D:9 !   D:10 [   D:11 *   Orc:4 ([


Innate Abilities, Weirdness & Mutations

You cannot wear boots.
You can spit poison.
Your serpentine skin is tough (AC +4).
You have supernaturally acute eyesight.
Armour fits poorly on your strangely shaped body.
Your system is resistant to poisons.
You cover ground very slowly.


Message History

The orc warrior hits you from afar with a halberd!!
* * * LOW HITPOINT WARNING * * *
Drink which item? (? for menu, Esc to quit)
You feel better. The orc knight barely misses you.
The orc knight hits you with a battleaxe.
* * * LOW HITPOINT WARNING * * *
You block the orc warrior's attack.
The orc sorcerer mumbles some strange words.
The orc warlord hits you with a runed great mace!
* * * LOW HITPOINT WARNING * * *
The ogre closely misses you.
Drink which item? (? for menu, Esc to quit)
Okay, then.
Read which item? (? for menu, Esc to quit)
Okay, then.
Drink which item? (? for menu, Esc to quit)
You feel yourself speed up.
It was a potion of haste.
The orc sorcerer closely misses you.
The orc warrior hits you with a broad axe!
You die...

.###........)........##
P.............)[).....#
...............<.....##
...............)...###
...P.........#.#$.##
....P........#.####
....(..3.....)..####
......oOo§........#.##
.8....oo@§§..........#
.......ooo...._......##
.......§.............#
P.#.....###.......#.##
.#.....#.##)..##.## #
............#.###
.(............#
............##
......P..)#.## #


You could see an orc warlord, 2 orc knights, a smoke demon, an orc sorcerer
(frenzied), 3 orc warriors and an ogre.

Vanquished Creatures
  Josephine (Orc:3)
  Erica (Orc:2)
  An unseen horror (D:10)
  Pikel (D:7)
  A hill giant (D:10)
  2 orc knights (Orc:4)
  The ghost of nht the Quickloader, an experienced MiHu of Trog (D:9)
  An orc sorcerer (Orc:4)
  Joseph (Orc:3)
  Psyche (Orc:4)
  4 trolls
  11 yaks
  A deep elf mage (D:9)
  A wyvern (D:10)
  3 steam dragons
  A hungry ghost (D:11)
  Eustachio (D:4)
  2 wraiths
  3 wargs
  2 hill giant skeletons
  14 orc warriors
  A slave (D:6)
  3 sky beasts
  5 ice beasts
  2 phantoms
  2 black bears
  A crocodile (D:11)
  3 water moccasins
  9 ogres
  5 centaurs
  15 big kobolds
  7 giant frogs
  A gnoll sergeant (D:8)
  4 scorpions
  A yak zombie (D:8)
  11 killer bees
  A hippogriff skeleton (D:5)
  A yak skeleton (D:9)
  A giant frog zombie (D:5)
  2 crimson imps (D:9)
  The ghost of Ololoev the Cudgeler, an average NaGl (D:3)
  A goliath beetle (D:7)
  15 hounds
  A basilisk zombie (D:9)
  A centaur skeleton (D:5)
  19 orc priests
  14 orc wizards
  7 iguanas
  6 worker ants
  Ijyb (Temple)
  A hound zombie (D:7)
  A mummy (D:6)
  5 gnolls (D:8)
  15 adders
  3 shadow imps
  3 giant mites
  2 worms (D:2)
  5 orc skeletons
  6 giant geckos
  117 orcs
  2 ball pythons
  4 giant cockroaches
  17 goblins
  18 hobgoblins
  12 jackals
  38 kobolds
  21 bats
  6 giant newts
  A giant spore (D:11)
  A goblin skeleton (Orc:3)
  2 hobgoblin zombies
  A kobold zombie (D:7)
  An orc simulacrum (Orc:3)
  3 orc zombies
  7 quokkas
  19 rats
  A ballistomycete (D:11)
507 creatures vanquished.

Vanquished Creatures (others)
  A slave (D:7)
  A crimson imp (D:7)
  6 fungi
8 creatures vanquished.

Grand Total: 515 creatures vanquished

Notes
Turn   | Place    | Note
--------------------------------------------------------------
     0 | D:1      | Ololoev, the Naga Gladiator, began the quest for the Orb.
     0 | D:1      | Reached XP level 1. HP: 19/19 MP: 1/1
   121 | D:1      | Reached XP level 2. HP: 17/26 MP: 2/2
   661 | D:1      | Reached skill level 4 in Maces & Flails
   683 | D:1      | Reached XP level 3. HP: 16/32 MP: 3/3
  1432 | D:2      | Reached XP level 4. HP: 28/39 MP: 4/4
  1707 | D:2      | Reached skill level 5 in Maces & Flails
  1927 | D:2      | Noticed a scorpion
  2248 | D:2      | Killed a scorpion
  2248 | D:2      | Reached XP level 5. HP: 45/45 MP: 5/5
  2255 | D:2      | Reached skill level 6 in Maces & Flails
  2393 | D:2      | Noticed an ogre
  2403 | D:2      | Killed an ogre
  2403 | D:2      | Reached XP level 6. HP: 52/52 MP: 6/6
  2519 | D:3      | Noticed Ololoev's ghost (average NaGl)
  2524 | D:3      | Found an iron altar of Okawaru.
  2785 | D:4      | Noticed Eustachio
  2815 | D:4      | Killed Eustachio
  2815 | D:4      | Reached skill level 7 in Maces & Flails
  3028 | D:4      | Found Braf's Antique Weapon Shoppe.
  3146 | D:4      | Reached XP level 7. HP: 40/60 MP: 7/7
  3440 | D:4      | Reached skill level 8 in Maces & Flails
  3549 | D:4      | Found a staircase to the Ecumenical Temple.
  3558 | Temple   | Entered the Ecumenical Temple
  3798 | D:3      | Became a worshipper of Warmaster Okawaru
  3923 | D:4      | Noticed Ijyb
  3965 | Temple   | Killed Ijyb
  4117 | D:4      | Reached skill level 1 in Shields
  4623 | D:5      | Entered Level 5 of the Dungeon
  4826 | D:5      | Acquired Okawaru's first power
  4826 | D:5      | Reached XP level 8. HP: 37/67 MP: 8/8
  5030 | D:5      | Reached skill level 9 in Maces & Flails
  5199 | D:4      | Bought a pitted morningstar for 243 gold pieces
  5200 | D:4      | Identified the +5 morningstar "Plicoezou" {crush, +Fly} (You bought it in a shop on level 4 of the Dungeon)
  5794 | D:6      | Reached skill level 10 in Maces & Flails
  6855 | D:7      | Reached XP level 9. HP: 73/73 MP: 9/9
  7012 | D:7      | Reached skill level 11 in Maces & Flails
  7096 | D:7      | Found a shattered altar of Ashenzari.
  7755 | D:7      | Noticed Pikel
  7961 | D:7      | Killed Pikel
  7968 | D:7      | Received a gift from Okawaru
  8214 | D:7      | Found a deep blue altar of Sif Muna.
  8937 | D:3      | Found a burning altar of Makhleb.
  9596 | D:3      | Killed Ololoev's ghost
  9799 | D:8      | Reached skill level 12 in Maces & Flails
  9956 | D:8      | Reached skill level 5 in Throwing
 10118 | D:8      | Reached XP level 10. HP: 80/80 MP: 10/10
 10232 | D:8      | Found a glowing golden altar of the Shining One.
 10235 | D:8      | Found a radiant altar of Vehumet.
 10392 | D:8      | Acquired Okawaru's second power
 10880 | D:8      | Got a heavily runed ring mail
 10891 | D:8      | Identified the cursed -1 ring mail of Winter {rC+ Int+1} (You found it on level 8 of the Dungeon)
 10897 | D:8      | Found Osuggim's Serpentskin Sales.
 10909 | D:8      | Received a gift from Okawaru
 11269 | D:9      | Found an opulent altar of Gozag.
 11303 | D:9      | Reached skill level 1 in Armour
 11311 | D:9      | Got an ancient ring mail
 11319 | D:9      | Noticed nht's ghost (experienced MiHu)
 11345 | D:9      | Killed nht's ghost
 11459 | D:9      | Identified the cursed -4 ring mail "Enucehue" {rN+ SInv Curse} (You found it on level 9 of the Dungeon)
 11724 | D:9      | Reached skill level 13 in Maces & Flails
 12001 | D:9      | Received a gift from Okawaru
 12497 | D:9      | Received a gift from Okawaru
 12532 | D:9      | Reached XP level 11. HP: 52/86 MP: 11/11
 12534 | D:9      | Found Shemosmagh's Distillery.
 12633 | D:9      | Bought a potion of restore abilities for 45 gold pieces
 12633 | D:9      | Bought a potion of degeneration for 30 gold pieces
 12633 | D:9      | Bought a potion of poison for 15 gold pieces
 12821 | D:9      | Found a blossoming altar of Fedhas.
 13180 | D:10     | Entered Level 10 of the Dungeon
 13433 | D:10     | Got a brightly glowing whip
 13573 | D:10     | Received a gift from Okawaru
 13593 | D:10     | Found Ufialal's Armour Emporium.
 13652 | D:10     | Noticed an unseen horror
 13655 | D:10     | Killed an unseen horror
 13902 | D:10     | Found a blossoming altar of Fedhas.
 13911 | D:10     | Noticed a hill giant
 13917 | D:10     | Killed a hill giant
 14176 | D:10     | Received a gift from Okawaru
 14179 | D:10     | Got a distressingly furry chain mail {god gift}
 14190 | D:10     | Identified the +14 chain mail of Vuav {+Fly Dex+2 SInv} (Okawaru gifted it to you on level 10 of the Dungeon)
 14339 | D:10     | Reached skill level 5 in Armour
 14389 | D:11     | Found Bieteoc's Demolitions Depot.
 14834 | D:11     | Reached skill level 14 in Maces & Flails
 14853 | D:11     | Found a staircase to the Lair.
 14978 | D:11     | Found a staircase to the Orcish Mines.
 15001 | Orc:1    | Entered Level 1 of the Orcish Mines
 15720 | Orc:3    | Noticed Joseph
 15787 | Orc:3    | Noticed Erica
 15797 | Orc:3    | Killed Joseph
 15797 | Orc:3    | Reached XP level 12. HP: 56/93 MP: 5/12
 15810 | Orc:2    | Killed Erica
 16158 | Orc:3    | Found a staircase to the Elven Halls.
 16318 | Orc:3    | Noticed Josephine
 16335 | Orc:3    | Killed Josephine
 16338 | Orc:3    | Received a gift from Okawaru
 16554 | Orc:4    | Entered Level 4 of the Orcish Mines
 16554 | Orc:4    | Found a roughly hewn altar of Beogh.
 16633 | Orc:4    | Noticed Psyche
 16753 | Orc:4    | Received a gift from Okawaru
 16763 | Orc:4    | Found Widdoife's Antique Armour Boutique.
 17103 | Orc:4    | Killed Psyche
 17352 | Orc:4    | Found Cumafoag's Antique Weapon Shoppe.
 17373 | Orc:4    | Received a gift from Okawaru
 17377 | Orc:4    | Got an ichor-stained leather armour {god gift}
 17500 | Orc:4    | Noticed an orc warlord
 17500 | Orc:4    | Paralysed by an orc sorcerer for 2 turns
 17513 | Orc:4    | HP: 2/93 [orc warlord/runed great mace (12)]
 17514 | Orc:4    | Mangled by an orc warrior

Action                   |  1- 3 |  4- 6 |  7- 9 | 10-12 || total
-------------------------+-------+-------+-------+-------++-------
Melee: Flail             |    13 |       |       |       ||    13
       Whip              |    60 |   113 |   192 |       ||   365
       Morningstar       |       |       |   254 |   713 ||   967
Throw: Throwing net      |       |     3 |       |       ||     3
       Javelin           |       |       |    42 |   251 ||   293
       Tomahawk          |       |       |     2 |       ||     2
Invok: Heroism           |       |       |     1 |     5 ||     6
       Finesse           |       |       |       |     4 ||     4
 Abil: Spit Poison       |    21 |    35 |    67 |    13 ||   136
       Evoke Teleportati |       |     4 |       |       ||     4
Evoke: Wand              |       |       |     1 |     9 ||    10
  Use: Scroll            |     4 |     1 |     9 |    11 ||    25
       Potion            |       |       |     2 |     7 ||     9
 Stab: Held in net/web   |       |     1 |       |       ||     1
  Eat: Chunk             |     3 |     8 |    25 |    20 ||    56
       Pizza             |       |       |     1 |     1 ||     2
       Royal jelly       |       |       |       |     1 ||     1
       Beef jerky        |       |       |       |     1 ||     1
       Fruit             |       |       |       |     2 ||     2
